 Dungeon Crawl Stone Soup version 0.31.0-9-g3a7656b989 (webtiles) character file.

Game seed: 13383488988205508465

59 qw the Shooter (level 3, 0/20 HPs)
             Began as a Deep Elf Hunter on Feb 2, 2024.
             Slain by a frilled lizard (1 damage)
             ... on level 2 of the Dungeon.
             The game lasted 00:00:03 (883 turns).

qw the Shooter (Deep Elf Hunter)                     Turns: 883, Time: 00:00:04

Health: 0/20       AC:  5    Str: 10    XL:     3   Next: 78%
Magic:  5/5        EV: 11    Int: 13    God:
Gold:   56         SH:  0    Dex: 18    Spells: 2/2 levels left

rFire   . . .        a - +0 shortbow
rCold   . . .        (shield currently unavailable)
rNeg    . . .        g - +0 ring mail
rPois   .            (no helmet)
rElec   .            (no cloak)
rCorr   +            (no gloves)
SInv    .            (no boots)
Will    .....        (no amulet)
Stlth   +            d - ring of resist corrosion
HPRegen 0.23/turn    (no ring)
MPRegen 0.09/turn

%: no passive effects
@: lethally poisoned (0 -> -1)
A: no striking features
a: no special abilities


You were on level 2 of the Dungeon.
You visited 1 branch of the dungeon, and saw 2 of its levels.

You collected 56 gold pieces.


   Skills:
 - Level 1.5 Fighting
 + Level 7.3 Ranged Weapons
 - Level 2.4 Dodging
 - Level 1.2 Stealth


You had 2 spell levels left.
You didn't know any spells.
Your spell library was empty.

Inventory:

Hand Weapons
 a - a +0 shortbow (weapon)
Armour
 g - a +0 ring mail (worn)
Jewellery
 d - a ring of resist corrosion (left hand)
Scrolls
 b - a scroll of vulnerability {unknown}
Potions
 f - a potion of curing {unknown}

Dungeon Overview and Level Annotations

Branches:
Dungeon (2/15)

Altars:

Shops:
D:1 [


Message History

You shoot an arrow. The arrow hits the adder.
The adder hisses angrily.
The adder is moderately wounded.
You shoot an arrow. The arrow hits the adder.
The adder is heavily wounded.
The adder closely misses you.
You shoot an arrow.
The arrow hits the adder but does no damage.
The adder is heavily wounded.
The frilled lizard hisses angrily.
The rat squeaks loudly.
The adder bites you. x2
You shoot an arrow. The arrow closely misses the adder.
The adder closely misses you.
You shoot an arrow. The arrow hits the adder.
The adder is severely wounded.
The adder bites you but does no damage. The endoplasm completely misses you.
The adder bites you.
You are poisoned.
The adder poisons you!
You shoot an arrow. The arrow hits the adder.
You kill the adder!
You feel sick. The endoplasm completely misses you.
You shoot an arrow.
The arrow hits the endoplasm but does no damage.
You feel sick. The endoplasm freezes you.
You are frozen.
The endoplasm hits you.
The frilled lizard bites you but does no damage.
You shoot an arrow. The arrow hits the endoplasm.
The endoplasm is moderately wounded.
You feel sick. The endoplasm hits you. The frilled lizard barely misses you.
You shoot an arrow. The arrow hits the endoplasm.
The endoplasm is heavily wounded.
You feel sick. The endoplasm freezes you.
You are frozen.
The frilled lizard barely misses you.
You shoot an arrow. The arrow hits the endoplasm.
You kill the endoplasm!
You feel sick. The frilled lizard bites you.
You die...

## #.#...........# .#
#.#...........# .... .#
#.#.....#########....
.###.#.....# .......
...........# .......
...........# .......
...........# .......
~..........######r......
7..........'....@$......
~..........######l......
.........:.# .......
......###### [......
......# .(..... #######
....... ....... .......


You could see a frilled lizard and a rat.

Vanquished Creatures
  A gnoll (D:1)
  2 adders (D:2)
  3 endoplasms
  A giant cockroach (D:1)
  2 goblins (D:1)
  A hobgoblin (D:1)
  3 kobolds (D:1)
  6 quokkas
  2 ball pythons
  A bat (D:1)
  7 frilled lizards (D:1)
  4 rats
33 creatures vanquished.

Notes
Turn   | Place    | Note
-------+----------+-------------------------------------------
     0 | D:1      | qw the Deep Elf Hunter began the quest for the Orb.
     0 | D:1      | Reached XP level 1. HP: 12/12 MP: 3/3
     0 | D:1      | 0 ||| qw: Version: 0.3-a-155-g5e7d8dd
     0 | D:1      | 0 ||| qw: Game counter: 1815
     0 | D:1      | 0 ||| qw: Melee chars always use a shield: true
     0 | D:1      | 0 ||| qw: God list: Okawaru
     0 | D:1      | 0 ||| qw: Allow faded altars: false
     0 | D:1      | 0 ||| qw: Do Orc after clearing Dungeon:15 true
     0 | D:1      | 0 ||| qw: Do second Lair branch before Depths: true
     0 | D:1      | 0 ||| qw: Lair rune preference: random
     0 | D:1      | 0 ||| qw: Goals: Normal
     0 | D:1      | 0 ||| PLANNING D:1-11
    59 | D:1      | 59 ||| RETREEEEATING.
   104 | D:1      | Reached skill level 6 in Ranged Weapons
   104 | D:1      | Reached XP level 2. HP: 16/16 MP: 4/4
   286 | D:1      | Found Wagooro's Armour Shop.
   294 | D:1      | 294 ||| SHOPLISTING +0 ring mail (40 gold, have 0).
   294 | D:1      | 294 ||| SHOPLISTING +2 ring mail of cold resistance (210
                  | gold, have 0).
   501 | D:1      | Reached XP level 3. HP: 13/20 MP: 5/5
   745 | D:1      | 745 ||| UPGRADING to +0 ring mail.
   755 | D:1      | 755 ||| DROPPING +0 leather armour.
   756 | D:1      | 756 ||| UPGRADING to ring of resist corrosion.
   757 | D:1      | 757 ||| READING scroll labelled UXOUSA MUXEY.
   758 | D:1      | 758 ||| DROPPING scroll of butterflies.
   805 | D:2      | Reached skill level 7 in Ranged Weapons
   882 | D:2      | HP: 2/20 [frozen (4)]
   883 | D:2      | Slain by a frilled lizard

Levels and vault maps discovered:
D:1:      dpeg_arrival_radiant, layout_loops_ring, serial_shops, shop,
          minmay_lizard_pond
D:2:      layout_basic, serial_bayou_pond_e, serial_park_tiny_2,
          grunt_ministairs_13, minmay_mini_jars

Skill      XL: |  1  2  3 |
---------------+----------+-----
Ranged Weapons | 6 7 |  7.3
Fighting       | |  1.5
Dodging        | |  2.4
Stealth        | |  1.2

Action                     || total
---------------------------++-------
   Fire: Shortbow          ||   101
    Use: Scroll            ||     1
 Armour: Leather armour    ||    13
         Ring mail         ||     8
  Dodge: Dodged            ||    30

Table legend:
 A = Non-vault XP
 B = Vault XP
 C = Vault XP percentage of total XP
 D = Non-vault monster count
 E = Vault monster count
 F = Vault count percentage of total count
                 A         B        C        D         E       F
            +---------+---------+-------+---------+---------+-------
      Total |      66 |      21 |  24.1 |      24 |       9 |  27.3
            +---------+---------+-------+---------+---------+-------
        D:1 |      45 |       7 |  13.5 |      18 |       7 |  28.0
        D:2 |      21 |      14 |  40.0 |       6 |       2 |  25.0
            +---------+---------+-------+---------+---------+-------
